 Dungeon Crawl Stone Soup version 0.21.1-1-g345015f (webtiles) character file.

47 letownia2 the Conjurer (level 3, 0/19 HPs)
             Began as a Tengu Fire Elementalist on Mar 5, 2018.
             Succumbed to a worker ant's poison
             ... on level 2 of the Dungeon.
             The game lasted 00:01:13 (230 turns).

letownia2 the Conjurer (Tengu Fire Elementalist)     Turns: 230, Time: 00:01:14

Health: 0/19       AC:  3    Str:  8    XL:     3   Next: 70%
Magic:  2/7        EV: 12    Int: 16    God:
Gold:   4          SH:  0    Dex: 14    Spells: 2/6 levels left

rFire    . . .     SeeInvis .   f - +2 short sword (drain)
rCold    . . .     Gourm    .   (no shield)
rNeg     . . .     Faith    .   d - +0 leather armour (curse)
rPois    .         Spirit   .   (helmet restricted)
rElec    .         Reflect  .   (no cloak)
rCorr    .         Harm     .   (no gloves)
MR       .....                  (boots unavailable)
Stlth    ++........             (no amulet)
HPRegen  0.06/turn              (no ring)
MPRegen  0.10/turn              (no ring)

@: lethally poisoned (0 -> -15)
A: beak, talons 3
a: no special abilities


You were on level 2 of the Dungeon.
You were not hungry.

You visited 1 branch of the dungeon, and saw 2 of its levels.

You collected 4 gold pieces.

Inventory:

Hand Weapons
 f - a +2 short sword of draining (weapon)
Missiles
 g - a throwing net (quivered)
Armour
 a - a +0 robe
 d - a cursed +0 leather armour (worn)
Scrolls
 e - a scroll of identify {unknown}
 h - a scroll of remove curse {unknown}
Books
 b - a book of Flames

   Spells                             Type                      Level
   a - Flame Tongue                   Conjuration/Fire             1
   b - Throw Flame                    Conjuration/Fire             2
   c - Conjure Flame                  Conjuration/Fire             3
   d - Inner Flame                    Hexes/Fire                   3
   e - Sticky Flame                   Conjuration/Fire             4
   f - Fireball                       Conjuration/Fire             5
Comestibles
 c - a ration


   Skills:
 - Level 2.1 Dodging
 - Level 2.0 Stealth
 - Level 2.0 Spellcasting
 + Level 4.6 Conjurations
 - Level 3.2 Fire Magic


You had 2 spell levels left.
You knew the following spells:

 Your Spells              Type           Power        Failure   Level  Hunger
a - Flame Tongue          Conj/Fire      ##...        6%          1    #......
c - Conjure Flame         Conj/Fire      ##......     17%         3    ###....


Dungeon Overview and Level Annotations

Branches:
Dungeon (2/15)

Altars:
Gozag


Innate Abilities, Weirdness & Mutations

You have a beak for a mouth.
You have claws for feet.


Message History

Aiming: Flame Tongue
Press: ? - help, Shift-Dir - straight line, f/p - worker ant
Aim: a worker ant (almost dead, heavily drained)
The flame tongue hits the worker ant.
The worker ant appears unharmed.
The worker ant is almost dead.
You feel sick. The worker ant bites you.
* * * LOW HITPOINT WARNING * * *
You are more poisoned.
The worker ant poisons you!
Unknown command.
Unknown command.
Casting: Flame Tongue
Confirm with . or Enter, or press ? or * to list all spells.
Aiming: Flame Tongue
Press: ? - help, Shift-Dir - straight line, f/p - worker ant
Aim: a worker ant (almost dead, heavily drained)
The flame tongue hits the worker ant.
You kill the worker ant!
Your Conjurations skill increases to level 4!
You die...

#########
# ###
#.......#
#. ...#
#...@...#
.###.#.#
#.......#
....#.#
#.......#
..##.#
#.......#
# #.##.#
#.......#
#.##.##^#
#.......#
#.....).#
#.......#
####)####
#.##.##.#
#.#
......##.#
#)#


There were no monsters in sight!

Vanquished Creatures
  A worker ant (D:2)
  A gnoll (D:2)
  A worm (D:2)
  A giant cockroach (D:1)
  A goblin (D:2)
  A hobgoblin (D:2)
  A quokka (D:2)
  3 bats
  A frilled lizard (D:2)
  2 rats
13 creatures vanquished.

Notes
Turn   | Place    | Note
-------+----------+-------------------------------------------
     0 | D:1      | letownia2 the Tengu Fire Elementalist began the quest for the Orb.
     0 | D:1      | Reached XP level 1. HP: 10/10 MP: 4/4
    28 | D:1      | Reached skill level 2 in Conjurations
    60 | D:2      | Found an opulent altar of Gozag.
    72 | D:2      | Reached XP level 2. HP: 15/15 MP: 1/6
   118 | D:2      | Reached skill level 3 in Conjurations
   153 | D:2      | Reached XP level 3. HP: 10/19 MP: 3/7
   162 | D:2      | Learned a level 3 spell: Conjure Flame
   230 | D:2      | Reached skill level 4 in Conjurations
   230 | D:2      | Succumbed to a worker ant's poison

Skill      XL: |  1  2  3 |
---------------+----------+-----
Conjurations   | 2 3 4 |  4.6
Dodging        | |  2.1
Stealth        | |  2.0
Spellcasting   | |  2.0
Fire Magic     | |  3.2

Action                   || total
-------------------------++-------
Melee: Unarmed           ||     2
       Kick              ||     3
       Short sword       ||     6
 Cast: Flame Tongue      ||    16
 Stab: Sleeping          ||     2
Armor: Leather armour    ||     3
Dodge: Dodged            ||    10
